 Dungeon Crawl Stone Soup version 0.17-a0-1508-ge7f3dc3 (webtiles) character file.

2282 urechis the Grappler (level 9, -1/85 HPs)
             Began as a Troll Monk on July 10, 2015.
             Slain by a troll (9 damage)
             ... on level 6 of the Dungeon.
             The game lasted 00:10:36 (4629 turns).

urechis the Grappler (Troll Monk)                   Turns: 4629, Time: 00:10:36

Health: -1/85      AC:  7    Str: 24    XL:     9   Next: 16%
Magic:  8/8        EV: 11    Int:  6    God:
Gold:   209        SH:  0    Dex: 12    Spells: 0 memorised, 8 levels left

rFire  . . .     SeeInvis .       - Unarmed
rCold  . . .     Clarity  .     a - +0 robe
rNeg   . . .     SustAt   .     (no shield)
rPois  .         Gourm    +     x - +0 hat
rElec  .         Spirit   .     (no cloak)
rCorr  .         Warding  .     (gloves unavailable)
rMut   .         Stasis   .     (boots unavailable)
MR     .....                    (no amulet)
Stlth  ++........               s - ring of stealth
                                l - +2 ring of protection

@: confused, not resistant to hostile enchantments, unstealthy
A: unfitting armour, claws 3, fast metabolism 3, gourmand, regeneration 2,
shaggy fur 1, tough skin 2
a: no special abilities


You were on level 6 of the Dungeon.
You were very full.

You visited 2 branches of the dungeon, and saw 8 of its levels.

You collected 209 gold pieces.

Inventory:

Missiles
 v - 2 tomahawks (quivered)
 w - 17 poisoned needles
Armour
 a - a +0 robe (worn)
 x - a +0 hat (worn)
Jewellery
 d - an uncursed ring of ice
 f - an uncursed ring of protection from fire
 l - a +2 ring of protection (left claw)
 s - a ring of stealth (right claw)
Scrolls
 c - 7 scrolls of identify {unknown}
 e - 3 scrolls of teleportation {unknown}
 i - 3 scrolls of enchant armour {unknown}
 m - a scroll of recharging {unknown}
 n - 2 scrolls of immolation {unknown}
 p - a scroll of remove curse {unknown}
 q - a scroll of amnesia {unknown}
 y - a scroll of fog {unknown}
 C - a scroll of vulnerability {unknown}
Potions
 h - a potion of heal wounds
 j - a potion of invisibility {unknown}
 k - a potion of brilliance {unknown}
 z - a potion of haste {unknown}
 A - a potion of curing
 B - a potion of flight {unknown}
Comestibles
 b - 4 bread rations
 o - a beef jerky
 r - 2 meat rations
 t - a royal jelly
 u - 2 fruits


   Skills:
 * Level 4.4 Fighting
 * Level 4.4 Dodging
 - Level 1.1 Stealth
 + Level 11.1 Unarmed Combat


You had 8 spell levels left.
You didn't know any spells.

Dungeon Overview and Level Annotations

Branches:
Dungeon (7/15)             Temple (1/1) D:6

Altars:
Ashenzari
Cheibriados
Dithmenos
Elyvilon
Fedhas
Gozag
Kikubaaqudgha
Makhleb
Nemelex Xobeh
Okawaru
Qazlal
Ru
Sif Muna
Trog
Vehumet
Xom
Zin
The Shining One

Shops:
D:4 *


Innate Abilities, Weirdness & Mutations

You are too large for most types of armour.
You have claws for hands.
Your metabolism is lightning-fast.
You like to eat raw meat.
You heal very quickly.
You are covered in fur (AC +1).
You have very tough skin (AC +2).


Message History

* * * LOW HITPOINT WARNING * * *
The troll claws you.
* * * LOW HITPOINT WARNING * * *
You climb upwards.
There is a stone staircase leading down here.
Drink which item? (? for menu, Esc to quit)
It was a potion of heal wounds.
You feel much better. The troll barely misses you. The troll claws you!
The troll claws you!
* * * LOW HITPOINT WARNING * * *
Drink which item? (? for menu, Esc to quit)
It was a potion of curing.
You feel better. The troll closely misses you. The troll barely misses you.
The troll claws you!
* * * LOW HITPOINT WARNING * * *
Drink which item? (? for menu, Esc to quit)
It was a potion of ambrosia.
You are confused.
You feel invigorated. The troll bites you!
* * * LOW HITPOINT WARNING * * *
The troll claws you but does no damage. The troll claws you!
You die...

........#.#
.....(..#.#
........#>#
..........# #######
.........## ##.....##
.....#####
##.......## ...#.#
#<........# .#.#.#
#######....# .#.#.#
+...T@#....# ##.#.#
#######...## #.#.#
#......##
##.#.#########.##.###
............##.#..#
##†#........##.#<##
............##...#
##.#.#..........##
............###.#


You could see a troll (bleeding).

Vanquished Creatures
  The ghost of nubinia the Sneak, an experienced OpWz (D:6)
  Eustachio (D:5)
  A water moccasin (D:6)
  An ice beast (D:5)
  A sky beast (D:6)
  A black bear (D:7)
  3 ogres
  2 orc warriors
  2 centaurs
  2 giant frogs (D:7)
  A crocodile (D:7)
  A crimson imp (D:6)
  A giant frog zombie (D:7)
  2 hounds
  2 jellies
  6 orc wizards
  2 orc priests (D:7)
  A giant frog skeleton (D:6)
  2 worker ants
  3 gnolls (D:5)
  2 shadow imps (D:5)
  6 adders
  An ooze (D:1)
  5 worms
  An adder skeleton (D:7)
  2 adder zombies
  7 giant geckos
  20 orcs
  A ball python (D:2)
  A bat zombie (D:5)
  9 goblins
  12 hobgoblins
  12 kobolds
  9 bats
  3 giant cockroaches (D:3)
  6 giant newts
  A jackal skeleton (D:4)
  A quokka skeleton (D:6)
  8 rats
  A plant (D:2)
144 creatures vanquished.

Notes
Turn   | Place    | Note
--------------------------------------------------------------
     0 | D:1      | urechis the Troll Monk began the quest for the Orb.
     0 | D:1      | Reached XP level 1. HP: 22/22 MP: 0/0
   322 | D:1      | Reached XP level 2. HP: 29/29 MP: 1/1
   448 | D:1      | You fall through a shaft!
   498 | D:2      | Reached skill level 5 in Unarmed Combat
   498 | D:2      | Reached XP level 3. HP: 32/36 MP: 2/2
  1381 | D:3      | Reached XP level 4. HP: 31/44 MP: 3/3
  1434 | D:3      | Noticed an orc warrior
  1447 | D:3      | HP: 2/44 [orc warrior/dire flail (8)]
  1450 | D:3      | Killed an orc warrior
  1450 | D:3      | Reached skill level 6 in Unarmed Combat
  1450 | D:3      | Reached XP level 5. HP: 3/50 MP: 4/4
  1637 | D:3      | Reached skill level 7 in Unarmed Combat
  1709 | D:3      | Noticed an ogre
  1721 | D:3      | Killed an ogre
  1721 | D:3      | Reached XP level 6. HP: 34/59 MP: 5/5
  2127 | D:4      | Reached skill level 8 in Unarmed Combat
  2244 | D:4      | Found Fiwuirch's Assorted Antiques.
  2548 | D:4      | Found a deep blue altar of Sif Muna.
  2768 | D:5      | Entered Level 5 of the Dungeon
  2806 | D:5      | Reached XP level 7. HP: 38/66 MP: 6/6
  2941 | D:5      | Noticed Eustachio
  2944 | D:5      | Killed Eustachio
  2944 | D:5      | Reached skill level 9 in Unarmed Combat
  3149 | D:5      | Found a shattered altar of Ashenzari.
  3156 | D:5      | Found a blossoming altar of Fedhas.
  3156 | D:5      | Found an iron altar of Okawaru.
  3159 | D:5      | Found a white marble altar of Elyvilon.
  3244 | D:5      | Reached skill level 10 in Unarmed Combat
  3432 | D:5      | Found a bloodstained altar of Trog.
  3735 | D:6      | Found a staircase to the Ecumenical Temple.
  3740 | D:6      | Reached XP level 8. HP: 72/74 MP: 7/7
  3763 | D:6      | Noticed nubinia's ghost (experienced OpWz)
  3775 | D:6      | Killed nubinia's ghost
  3784 | Temple   | Entered the Ecumenical Temple
  4346 | D:7      | Found an opulent altar of Gozag.
  4352 | D:7      | Reached skill level 11 in Unarmed Combat
  4379 | D:7      | Reached XP level 9. HP: 57/84 MP: 8/8
  4530 | D:7      | Noticed a troll
  4629 | D:6      | Slain by a troll

Vault maps used:
D:1:      lightli_arrival_chessboard
D:2:      serial_forest, infiniplex_forest_straight_5,
          infiniplex_forest_lined_corner, infiniplex_forest_end_3,
          infiniplex_forest_straight_4, infiniplex_forest_lined_3,
          infiniplex_forest_diagonal, first_bread
D:4:      tgw_sif, serial_shops, shop, serial_forest,
          infiniplex_forest_straight_1, infiniplex_forest_straight_3,
          infiniplex_forest_straight_1, infiniplex_forest_lined_4_way,
          infiniplex_forest_clump_tiny
D:5:      minitemple, trog_hazing_becter, uniq_eustachio
D:6:      lemuel_upstairs_altar, minmay_temple_entry_large_hall,
          kennysheep_cross_room
D:7:      lemuel_ice_spiral_2, enter_bailey_3, grunt_livestock,
          nrook_pool_corridor, nicolae_gozag_seed_capital
Temple:   circular_temple_13

Action                   |  1- 3 |  4- 6 |  7- 9 || total
-------------------------+-------+-------+-------++-------
Melee: Unarmed           |   103 |   157 |   196 ||   456
Throw: Tomahawk          |       |       |     1 ||     1
  Use: Potion            |       |       |     3 ||     3
 Stab: Sleeping          |     1 |     5 |     4 ||    10
       Distracted        |       |       |     1 ||     1
  Eat: Chunk             |     8 |    14 |    22 ||    44
       Fruit             |       |       |     2 ||     2
